 Dungeon Crawl Stone Soup version 0.22-a0-447-gee5f723 (webtiles) character file.

1236 ArgaWasAlreadyTaken the Covered (level 8, 0/74 HPs)
             Began as a Deep Dwarf Fighter on June 3, 2018.
             Was an Initiate of Makhleb.
             Slain by a two-headed ogre
             ... wielding a +0 giant club
              (2 damage)
             ... on level 5 of the Dungeon.
             The game lasted 00:03:03 (2391 turns).

ArgaWasAlreadyTaken the Covered (DDFi)              Turns: 2391, Time: 00:03:03

Health: 0/74       AC:  7    Str: 22    XL:     8   Next: 24%
Magic:  0/6        EV:  8    Int:  9    God:    Makhleb [......]
Gold:   148        SH: 10    Dex: 12    Spells: 7/7 levels left

rFire    . . .     SeeInvis .   a - +0 war axe
rCold    . . .     Gourm    .   c - +0 shield
rNeg     . . .     Faith    .   b - +0 scale mail
rPois    .         Spirit   +   (no helmet)
rElec    .         Reflect  .   g - scarf {Spirit}
rCorr    .         Harm     .   (no gloves)
MR       +....                  (no boots)
Stlth    ..........             (no amulet)
HPRegen  0.00/turn              (no ring)
MPRegen  0.10/turn              (no ring)

@: non-regenerating
A: damage resistance, heal wounds, sense surroundings 1, no regeneration
a: Heal Wounds, Renounce Religion


You were on level 5 of the Dungeon.
You worshipped Makhleb.
Makhleb was noncommittal.
You were hungry.

You visited 2 branches of the dungeon, and saw 7 of its levels.

You collected 148 gold pieces.

Inventory:

Hand Weapons
 a - a +0 war axe (weapon)
Armour
 b - a +0 scale mail (worn)
 c - a +0 shield (worn)
 g - a scarf of spirit shield (worn)
Jewellery
 y - an uncursed amulet of guardian spirit
Scrolls
 i - 3 scrolls of remove curse {unknown}
 k - 4 scrolls of identify {unknown}
 m - 2 scrolls of immolation {unknown}
 n - 2 scrolls of teleportation {unknown}
 r - a scroll of magic mapping {unknown}
 s - a scroll of noise {unknown}
 v - a scroll of enchant armour {unknown}
Potions
 d - a potion of might
 j - a potion of flight {unknown}
 l - a potion of degeneration {unknown}
 o - a potion of resistance {unknown}
 p - a potion of haste {unknown}
 q - a potion of brilliance {unknown}
 t - 2 potions of heal wounds {unknown}
 w - a potion of cancellation {unknown}
Comestibles
 f - 5 rations
 z - 5 chunks of flesh


   Skills:
 + Level 5.2 Fighting
 + Level 5.7 Axes
 + Level 6.3 Armour
 + Level 6.2 Shields
 + Level 1.5 Invocations


You had 7 spell levels left.
You didn't know any spells.
Your spell library was empty.

Dungeon Overview and Level Annotations

Branches:
Dungeon (6/15)             Temple (1/1) D:4

Altars:
Ashenzari
Elyvilon
Fedhas
Kikubaaqudgha
Makhleb
Okawaru
Qazlal
Ru
Vehumet
Wu Jian
Yredelemnul
Zin


Innate Abilities, Weirdness & Mutations

You are resistant to damage.
You can heal yourself by infusing magical energy.
You passively map a small area around you.
You do not regenerate.


Message History

The two-headed ogre hits you but does no damage!
You block the two-headed ogre's attack!
There is an open butt here!
You block the two-headed ogre's attack!
The two-headed ogre hits you with a giant club! * * * don't die
* * *
There is an open door here!
The two-headed ogre hits you with a giant club!!! * * * don't die
* * * You block the two-headed ogre's attack!
You dice the two-headed ogre like an onion!!!
The two-headed ogre is moderately wounded!
The two-headed ogre hits you with a giant club! * * * don't die
* * * The two-headed ogre completely misses you!
You butt-ly miss the two-headed ogre!
The two-headed ogre is moderately wounded!
Butt butt the two-headed ogre's attack!
The two-headed ogre butts you with a giant club! rip

##.## #.# #..###.#
##...###.# #..###.#
##........# ##.#.##.#
#.......### #.###.#.#
.........####..#.##.#
.........'.......##.#
.........####....##.#
#.......## ##.O....#
##.....## ###@####
##...## ###.### ##'##
#.....# #.# #.#.#.#
#.# #.#.#.# ##.##
#.#...# ##...##
#.##..# #.....#
#.##..# ##...##
#.....#


You could see a two-headed ogre.

Vanquished Creatures
  Eustachio (D:4)
  An ice beast (D:5)
  A phantom (D:4)
  A sky beast (D:5)
  2 ogres (D:4)
  A centaur (D:6)
  2 hounds (D:5)
  A jelly (D:5)
  3 orc priests (D:4)
  4 orc wizards
  3 worker ants
  Robin (D:4)
  5 adders
  6 gnolls
  A shadow imp (D:4)
  An ooze (D:4)
  2 adder skeletons
  2 worms (D:2)
  A dart slug (D:4)
  2 leopard geckos (D:5)
  9 orcs
  A ball python (D:3)
  3 giant cockroaches
  16 goblins
  8 hobgoblins
  8 jackals
  2 bats
  2 frilled lizards (D:2)
  3 rats
93 creatures vanquished.

Notes
Turn   | Place    | Note
-------+----------+-------------------------------------------
     0 | D:1      | ArgaWasAlreadyTaken the Deep Dwarf Fighter began the quest for the Orb.
     0 | D:1      | Reached XP level 1. HP: 20/20 MP: 1/1
   162 | D:1      | Reached XP level 2. HP: 25/27 MP: 0/2
   332 | D:2      | Reached skill level 3 in Fighting
   471 | D:3      | Reached XP level 3. HP: 27/34 MP: 0/3
   567 | D:3      | Found a faded altar of an unknown god.
   816 | D:4      | Noticed Eustachio
   837 | D:4      | Killed Eustachio
   837 | D:4      | Reached skill level 3 in Axes
   837 | D:4      | Reached XP level 4. HP: 24/43 MP: 0/4
   837 | D:4      | Reached XP level 5. HP: 28/49 MP: 0/5
   878 | D:4      | Noticed an ogre
   890 | D:4      | Killed an ogre
   890 | D:4      | Reached XP level 6. HP: 33/57 MP: 0/5
   940 | D:4      | Found a staircase to the Ecumenical Temple.
  1038 | Temple   | Entered the Ecumenical Temple
  1375 | D:4      | Found a stormy altar of Qazlal.
  1376 | D:4      | Found a blossoming altar of Fedhas.
  1380 | D:4      | Reached XP level 7. HP: 31/64 MP: 0/5
  1462 | D:4      | Noticed Robin
  1480 | D:4      | Killed Robin
  1667 | D:5      | Entered Level 5 of the Dungeon
  1832 | D:5      | Found a burning altar of Makhleb.
  1837 | D:5      | Reached skill level 6 in Armour
  1843 | D:5      | Became a worshipper of Makhleb the Destroyer
  1930 | D:5      | Reached skill level 6 in Shields
  1930 | D:5      | Reached XP level 8. HP: 31/74 MP: 0/6
  2285 | D:6      | Reached skill level 1 in Invocations
  2312 | D:6      | Noticed a two-headed ogre
  2390 | D:5      | HP: 2/74 [two-headed ogre/giant club (2)]
  2391 | D:5      | Slain by a two-headed ogre

Vault maps used:
D:1:      dpeg_arrival_simpleton_c, nrook_mini_backslash
D:3:      kennysheep_slug_shrine, chequers_ecumenical_altar_simple_redux,
          grunt_decor_cap
D:4:      grunt_temple_overflow_forces_of_nature,
          minmay_temple_entry_large_hall, mrwooster_statue_mirror,
          uniq_eustachio, uniq_robin
D:5:      kennysheep_mini_moat, first_ration, makhleb_blood_cavern_becter
D:6:      cheibrodos_fzero, lemuel_crystal_altar, trog_hazing_becter
Temple:   nicolae_temple_figure_zero

Skill      XL: |  1  2  3  4  5  6  7  8 |
---------------+-------------------------+-----
Fighting       | 3 4 5 |  5.2
Axes           | 3 4 5 |  5.7
Armour         | 4 5 6 |  6.3
Shields        | 4 5 6 |  6.2
Invocations    | 1 |  1.5

Action                   |  1- 3 |  4- 6 |  7- 9 || total
-------------------------+-------+-------+-------++-------
Melee: War axe           |    99 |    82 |   145 ||   326
 Abil: Heal Wounds       |     2 |     4 |    11 ||    17
  Use: Potion            |     1 |       |       ||     1
  Eat: Chunk             |       |     2 |     3 ||     5
Armor: Scale mail        |    48 |    44 |    88 ||   180
Dodge: Dodged            |    31 |    29 |    68 ||   128
Block: Shield            |    62 |    50 |    99 ||   211

Table legend:
 A = Spawn XP
 B = Non-spawn XP
 C = Spawn XP percentage of total XP
 D = Spawn monster count
 E = Non-spawn monster count
 F = Spawn count percentage of total count
 G = Total turns spent on level
                    A         B        C        D         E        F      G
               +---------+---------+-------+---------+---------+-------+---------
         Total |       0 |    1767 |   0.0 |       0 |      93 |   0.0 |  2391
               +---------+---------+-------+---------+---------+-------+---------
           D:1 |       0 |      19 |   0.0 |       0 |      11 |   0.0 |   220
           D:2 |       0 |      21 |   0.0 |       0 |      10 |   0.0 |   152
           D:3 |       0 |      15 |   0.0 |       0 |       8 |   0.0 |   411
           D:4 |       0 |     956 |   0.0 |       0 |      36 |   0.0 |   766
           D:5 |       0 |     515 |   0.0 |       0 |      19 |   0.0 |   625
           D:6 |       0 |     241 |   0.0 |       0 |       9 |   0.0 |    99
               +---------+---------+-------+---------+---------+-------+---------
